 Dungeon Crawl Stone Soup version 0.30-a0-263-ge22c4ad894 (webtiles) character file.

Game seed: 5420844005113736210

67397 koil the Unseen (level 14, -2/76 HPs)
             Began as a Spriggan Enchanter on Oct 14, 2022.
             Was the Champion of Dithmenos.
             Slain by a sixfirhy (13 damage)
             ... summoned by an orc high priest
             ... on level 2 of the Orcish Mines.
             The game lasted 02:20:26 (26090 turns).

koil the Unseen (Spriggan Enchanter)               Turns: 26090, Time: 02:20:26

Health: -2/76      AC:  3    Str:  4    XL:     14   Next: 82%
Magic:  28/29      EV: 35    Int: 21    God:    Dithmenos [******]
Gold:   1711       SH:  5    Dex: 21    Spells: 24/33 levels left

rFire   . . .      SeeInvis +    b - +5 rapier "Funolaer" {vamp, rC- rN+ Int+3 Dex+2}
rCold   x . .      Faith    .    (no shield)
rNeg    + . .      Spirit   .    o - +0 robe
rPois   .          Reflect  +    y - +2 hat
rElec   .          Harm     .    P - +2 cloak
rCorr   .          Rampage  .    (gloves unavailable)
Will    +++..                    (boots unavailable) Stlth ***+++++++
                                 T - amulet of reflection
HPRegen 0.32/turn                r - ring of willpower
MPRegen 0.21/turn                C - +4 ring of evasion

@: corroded, wreathed by umbra, very quick
A: very small, no large weapons, unfitting armour, see invisible, speed 3
a: Renounce Religion, Shadow Step, Shadow Form


You were on level 2 of the Orcish Mines.
You worshipped Dithmenos.
Dithmenos was exalted by your worship.
You visited 4 branches of the dungeon, and saw 20 of its levels.
You also visited: Volcano.

You collected 2783 gold pieces.
You spent 1072 gold pieces at shops.

Inventory:

Hand Weapons
 a - a +2 vorpal flail
 b - the +5 rapier "Funolaer" (weapon) {vamp, rC- rN+ Int+3 Dex+2}
   (You acquired it in the Ecumenical Temple)

   It occasionally heals its wielder for a portion of the damage dealt when it
   wounds a living foe.
   Int:       It affects your intelligence (+3).
   Dex:       It affects your dexterity (+2).
   rC:        It makes you vulnerable to cold.
   rN:        It protects you from negative energy.
 c - a +2 dagger of speed
 A - a +0 vorpal hand axe
 H - a +3 whip
 I - a +0 vorpal quarterstaff
 R - a +1 dagger of draining
Missiles
 e - 4 throwing nets (quivered)
 t - 12 atropa-tipped darts
 x - 51 poisoned darts
Armour
 o - a +0 robe (worn)
 y - a +2 hat (worn)
 K - a +1 robe of fire resistance
 P - a +2 cloak (worn)
 Y - a +0 cloak of fire resistance
Jewellery
 r - a ring of willpower (left hand)
 C - a +4 ring of evasion (right hand)
 G - a ring of positive energy
 S - a ring of ice
 T - an amulet of reflection (around neck)
Wands
 f - a wand of polymorph (8)
 k - a wand of roots (15)
 p - a wand of charming (5)
 q - a wand of mindburst (3)
 u - a wand of digging (5)
 B - a wand of acid (18)
Scrolls
 g - 12 scrolls of teleportation
 i - 9 scrolls of identify
 j - a scroll of silence
 m - 3 scrolls of magic mapping
 v - 2 scrolls of enchant weapon
 w - a scroll of summoning
 z - 2 scrolls of fear
 M - 4 scrolls of enchant armour
Potions
 d - 4 potions of magic
 h - 2 potions of ambrosia
 l - a potion of heal wounds
 n - 3 potions of might
 s - 2 potions of resistance
 D - a potion of lignification
 E - 6 potions of curing
 F - 4 potions of haste
 L - a potion of brilliance
Miscellaneous
 J - a phantom mirror


   Skills:
 + Level 9.8 Fighting
 + Level 12.5 Short Blades
 + Level 15.1 Dodging
 + Level 17.9 Stealth
 - Level 10.0 Spellcasting
 - Level 10.0 Hexes
 - Level 10.0 Transmutations
 - Level 5.0 Evocations


You had 24 spell levels left.
You knew the following spells:

 Your Spells              Type           Power      Damage    Failure   Level
a - Ensorcelled Hibernat  Hex/Ice        62%        N/A       1%          2
b - Confusing Touch       Hex            52%        N/A       1%          3
c - Wereblood             Tmut           51%        N/A       1%          2
d - Sublimation of Blood  Necr           10%        N/A       10%         2

Your spell library contained the following spells:

 Spells                   Type           Power      Damage    Failure   Level
 Tukima's Dance           Hex            52%        N/A       1%          3
 Dazzling Flash           Conj/Hex       62%        N/A       2%          3
 Apportation              Tloc           20%        N/A       6%          1
 Anguish                  Hex/Necr       15%        N/A       9%          4
 Gell's Gravitas          Tloc           10%        N/A       19%         3
 Ozocubu's Armour         Ice            10%        N/A       19%         3
 Stone Arrow              Conj/Erth      20%        3d8       19%         3
 Teleport Other           Tloc           10%        N/A       19%         3
 Alistair's Intoxication  Tmut/Pois      20%        N/A       22%         5
 Metabolic Englaciation   Hex/Ice        15%        N/A       22%         5
 Silence                  Hex/Air        15%        N/A       22%         5
 Animate Armour           Summ/Erth      20%        N/A       54%         4
 Olgreb's Toxic Radiance  Pois           10%        N/A       54%         4
 Passage of Golubria      Tloc           10%        N/A       54%         4
 Enfeeble                 Hex            26%        N/A       65%         7
 Freezing Cloud           Conj/Ice/Air   5%         6-21      87%         5
 Dispersal                Tloc           5%         N/A       100%        6
 Simulacrum               Ice/Necr       5%         N/A       100%        6
 Ozocubu's Refrigeration  Ice            5%         4d8       100%        7
 Summon Hydra             Summ           5%         N/A       100%        7
 Ignition                 Fire           5%         3d4       100%        8
 Lehudib's Crystal Spear  Conj/Erth      5%         10d3      100%        8
 Polar Vortex             Ice            5%         N/A       100%        9


Dungeon Overview and Level Annotations

Branches:
Dungeon (12/15)            Temple (1/1) D:5            Lair (5/5) D:8
  Swamp (0/4) Lair:2       Spider (0/4) Lair:3        Slime (0/5) Lair:5
    Orc (2/2) D:11            Elf (0/3) Orc:2       Volcano (visited)

Altars:
Ashenzari
Cheibriados
Dithmenos
Elyvilon
Fedhas
Gozag
Hepliaklqana
Kikubaaqudgha
Makhleb
Nemelex Xobeh
Okawaru
Qazlal
Ru
Sif Muna
Trog
Uskayaw
Vehumet
Wu Jian
Xom
Yredelemnul
Zin
The Shining One
Jiyva

Shops:
D:3 !   D:7 *   D:9 [=[*   Orc:1 *[   Orc:2 *!?

Annotations:
Orc:2 Saint Roka


Innate Abilities, Weirdness & Mutations

You are very small and have problems with some larger weapons.
You are too small for most types of armour.
You have supernaturally acute eyesight. (SInv)
You cover ground extremely quickly. (Speed+++)


Message History

You closely miss the orc high priest.
Your shadow barely misses the orc high priest.
You hit the orc high priest but do no damage.
The orc high priest appears confused.
The orc high priest mumbles some strange prayers to Beogh.
The orc high priest misses you. The rust devil closely misses you.
You hit the orc high priest but do no damage.
An orc warrior comes into view. It is wielding a +0 short sword.
The sixfirhy closely misses you. The sixfirhy misses you.
The rust devil hits you. The rust devil corrodes you!
You hit the orc high priest but do no damage.
The sixfirhy completely misses you. The sixfirhy misses you.
The orc high priest hits the orc priest with a +0 flail!
The orc priest mumbles some strange prayers to Beogh against you.
Beogh smites you! You block the orc priest's attack.
You hear a shout! x2
You catch the helpless orc high priest completely off-guard!
You stick the orc high priest like a pincushion!!!
The orc high priest is almost dead.
You hear a shout!
The sixfirhy hits you! The sixfirhy shocks you!
The sixfirhy completely misses you. The rust devil completely misses you.
You catch the helpless orc high priest completely off-guard!
You perforate the orc high priest like a sieve!!!
You kill the orc high priest!
Dithmenos accepts your kill. The orc priest closely misses you.
The orc priest calls upon Beogh to heal the orc priest.
The orc priest is healed somewhat.
The orc sorcerer gestures at you while chanting.
The bolt of fire hits the rust devil.
The rust devil completely resists.
The bolt of fire hits you!!
* * * LOW HITPOINT WARNING * * *
You emit a cloud of dark smoke.
The rust devil misses you.
Unknown command.
The sixfirhy attacks as you move away! You block the sixfirhy's attack.
The sixfirhy completely misses you. The sixfirhy attacks as you move away!
The sixfirhy closely misses you. The sixfirhy hits you!
You die...

....######.........###o....#
.....#♣∩♣###......###.#o..#.
.#...............###§oooo...
#............)..###§o§#
.#.#......)....###§§§##
###..#♣∩♣#.)..###§§4## #
##.#####..)###...##
####....####.#3##
##...###..@## ##.).###.#.##
#....###...## #.....###...##
#...##..###...##
##..###..###...## #....
##..###)..## . #.....
##..##....#... ##.#.#
##).#)#.....#


You could see a rust devil (summoned) and a sixfirhy (summoned).

Vanquished Creatures
  Jorgrun (Orc:2)
  Kirke (Lair:4)
  A dire elephant (Lair:5)
  Erolcha (D:9)
  A hydra (Lair:5)
  Harold (Lair:2)
  An ice dragon (Lair:5)
  A catoblepas (Lair:4)
  A boulder beetle (D:9)
  A two-headed ogre (D:12)
  10 death yaks
  An orc high priest (Orc:2)
  Urug (Lair:1)
  Lodul (D:10)
  A deep elf archer (Volcano)
  4 lindwurms (Lair:5)
  An orc knight (Orc:2)
  8 deep elf pyromancers (Volcano)
  A wolf spider (Lair:5)
  4 black mambas
  19 elephants
  A gargoyle (D:12)
  7 torpor snails
  The ghost of osoart the Ducker, a novice MfHu (D:5)
  11 cane toads
  An orange demon (Orc:2)
  6 komodo dragons
  2 unseen horrors
  A kobold demonologist (D:11)
  5 rime drakes
  A hellwing (Orc:2)
  3 trolls
  A polar bear (Lair:3)
  Grinder (D:4)
  5 tyrant leeches
  Prince Ribbit (D:8)
  8 hornets
  2 dream sheep (Lair:5)
  5 jumping spiders
  Sigmund (D:2)
  3 shadows
  A ynoxinul (Orc:2)
  2 wyverns
  A spriggan (D:8)
  5 fire elementals (Volcano)
  49 yaks
  2 wraiths (D:9)
  A hog (Lair:4)
  Eustachio (D:4)
  Grum (D:8)
  3 vampire mosquitoes (D:10)
  A redback (Lair:3)
  2 wargs (Orc:2)
  3 basilisks
  5 swamp worms
  6 hell hounds (Volcano)
  2 acid dragons (D:10)
  13 water moccasins
  22 orc warriors
  3 black bears
  2 sky beasts
  7 centaurs
  8 ogres
  19 wolves
  A phantom (D:6)
  4 kobold brigands
  A necrophage (D:6)
  14 bullfrogs
  A gnoll sergeant (D:5)
  4 scorpions
  9 wights (D:7)
  10 killer bees
  5 howler monkeys
  10 electric eels
  3 jellies
  20 orc priests
  5 hounds
  A gnoll bouda (D:6)
  Ijyb (D:3)
  Terence (D:2)
  8 iguanas
  6 hell rats (Lair:2)
  17 orc wizards
  Robin (D:2)
  22 gnolls
  4 adders
  A shadow imp (D:5)
  A white imp (D:5)
  2 ufetubi (D:5)
  A dart slug (D:3)
  89 orcs
  5 ball pythons
  5 endoplasms
  A giant cockroach (D:3)
  8 goblins
  10 hobgoblins
  2 jackals (D:5)
  4 quokkas
  5 bats
  A frilled lizard (D:1)
  7 kobolds
  6 rats
  2 bushes (D:3)
584 creatures vanquished.

Vanquished Creatures (others)
  An orc wizard (D:10)
  9 fungi
  21 plants
31 creatures vanquished.

Grand Total: 615 creatures vanquished

Notes
Turn   | Place    | Note
-------+----------+-------------------------------------------
     0 | D:1      | koil the Spriggan Enchanter began the quest for the Orb.
     0 | D:1      | Reached XP level 1. HP: 9/9 MP: 5/5
   263 | D:1      | Found a faded altar of an unknown god.
   281 | D:1      | Found a faded altar of an unknown god.
   531 | D:1      | Reached XP level 2. HP: 9/13 MP: 6/6
   541 | D:1      | Learned a level 2 spell: Ensorcelled Hibernation
  1214 | D:2      | Noticed Sigmund
  1214 | D:2      | Noticed Terence
  1221 | D:2      | Killed Sigmund
  1222 | D:2      | Reached skill level 1 in Fighting
  1222 | D:2      | Reached skill level 5 in Stealth
  1222 | D:2      | Reached XP level 3. HP: 4/18 MP: 5/9
  1222 | D:2      | Reached XP level 4. HP: 5/22 MP: 5/10
  1222 | D:2      | Reached XP level 5. HP: 6/25 MP: 5/11
  1320 | D:2      | Killed Terence
  1494 | D:2      | Noticed Robin
  1683 | D:2      | Killed Robin
  1882 | D:2      | Reached XP level 6. HP: 30/30 MP: 5/12
  2149 | D:3      | Noticed Ijyb
  2160 | D:3      | Learned a level 3 spell: Confusing Touch
  2173 | D:3      | Killed Ijyb
  2174 | D:3      | Reached skill level 6 in Stealth
  2635 | D:3      | Found Vituimp's Distillery.
  3867 | D:4      | Reached skill level 5 in Hexes
  3980 | D:4      | Noticed Eustachio
  3984 | D:4      | Killed Eustachio
  3985 | D:4      | Reached skill level 5 in Dodging
  3985 | D:4      | Reached XP level 7. HP: 32/35 MP: 9/14
  4415 | D:4      | Noticed Grinder
  4439 | D:4      | Killed Grinder
  4440 | D:4      | Reached skill level 7 in Stealth
  4514 | D:4      | Found a bloodstained altar of Trog.
  4518 | D:4      | Found a radiant altar of Vehumet.
  4559 | D:4      | Noticed a +0 hand axe
  4559 | D:4      | Noticed a +0 hand axe
  4560 | D:4      | Found a hide-covered altar of Uskayaw.
  4736 | D:5      | Entered Level 5 of the Dungeon
  4736 | D:5      | Found a transporter.
  4750 | D:5      | Reached skill level 5 in Spellcasting
  4750 | D:5      | Reached XP level 8. HP: 39/39 MP: 16/16
  5398 | D:5      | Found a transporter.
  5566 | D:5      | Found a staircase to the Ecumenical Temple.
  5632 | D:5      | Found a transporter.
  5637 | D:5      | Found a transporter.
  5646 | D:5      | Noticed osoart's ghost (novice MfHu)
  5718 | D:5      | Reached skill level 8 in Stealth
  6506 | D:5      | Killed osoart's ghost
  6507 | D:5      | Reached skill level 5 in Short Blades
  6653 | D:6      | Reached XP level 9. HP: 45/45 MP: 19/19
  6768 | D:6      | Learned a level 2 spell: Wereblood
  7091 | D:6      | Reached skill level 9 in Stealth
  7253 | D:6      | Reached skill level 1 in Transmutations
  7579 | Temple   | Entered the Ecumenical Temple
  7734 | Temple   | Became a worshipper of Ru the Awakened
  8046 | D:7      | Identified the +0 leather armour of Valour {Harm Will+}
  8055 | D:7      | Found Nerusmis's Assorted Antiques.
  8130 | D:7      | Bought a polished short sword for 232 gold pieces
  8130 | D:7      | Identified the +10 short sword "Maom" {antimagic, rElec
                  | rPois Str+2} (You bought it in a shop on level 7 of the
                  | Dungeon)
  8130 | D:7      | Bought a scroll labelled QEVIEXUSIA for 29 gold pieces
  8672 | D:7      | Reached skill level 10 in Stealth
  8784 | D:7      | Found a broken altar of Ashenzari.
  8936 | Temple   | Acquired the +5 rapier "Funolaer" {vamp, rC- rN+ Int+3
                  | Dex+2}
  8964 | Temple   | Fell from the grace of Ru
  8964 | Temple   | Became a worshipper of Dithmenos the Shadowed
  9282 | D:8      | Found a staircase to the Lair.
  9282 | D:8      | Noticed a troll
  9306 | D:8      | Reached XP level 10. HP: 51/51 MP: 21/21
  9341 | D:8      | HP: 1/51 [wolf (4)]
  9372 | D:8      | Noticed Grum
  9392 | D:8      | Killed Grum
  9520 | D:8      | Noticed Prince Ribbit
  9532 | D:8      | Killed Prince Ribbit
  9533 | D:8      | Reached skill level 5 in Fighting
 10000 | D:8      | Reached * piety under Dithmenos
 10007 | D:8      | Reached skill level 5 in Transmutations
 10323 | D:8      | Reached skill level 11 in Stealth
 10703 | D:9      | Noticed Erolcha
 10711 | D:9      | Killed Erolcha
 10712 | D:9      | Reached XP level 11. HP: 56/56 MP: 16/24
 10856 | D:9      | Found Uskups's Armour Boutique.
 10861 | D:9      | Found Cesoaz's Jewellery Boutique.
 10862 | D:9      | Found Erapewax's General Store.
 10863 | D:9      | Found Cimn's Antique Armour Boutique.
 10874 | D:9      | Bought a potion of degeneration for 11 gold pieces
 10874 | D:9      | Bought a potion of might for 44 gold pieces
 10910 | D:9      | Noticed a boulder beetle
 10922 | D:9      | Killed a boulder beetle
 10952 | D:9      | Found a shimmering altar of Xom.
 11013 | D:9      | Reached ** piety under Dithmenos
 11579 | D:10     | Entered Level 10 of the Dungeon
 11670 | D:10     | Reached skill level 10 in Dodging
 11674 | D:10     | Reached skill level 12 in Stealth
 11760 | D:10     | Found a white marble altar of Elyvilon.
 11839 | D:10     | Found an ornate altar of the Wu Jian Council.
 11869 | D:10     | Noticed Lodul
 11874 | D:10     | Killed Lodul
 12076 | D:10     | Found an iron altar of Okawaru.
 12799 | D:11     | Reached *** piety under Dithmenos
 12910 | D:11     | Found a staircase to the Orcish Mines.
 13938 | D:12     | Reached XP level 12. HP: 62/62 MP: 26/26
 13969 | D:12     | Reached **** piety under Dithmenos
 14153 | D:12     | Noticed a two-headed ogre
 14160 | D:12     | Killed a two-headed ogre
 14161 | D:12     | Reached skill level 10 in Hexes
 14253 | D:12     | Learned a level 2 spell: Sublimation of Blood
 14709 | Lair:1   | Entered Level 1 of the Lair of Beasts
 14758 | Lair:1   | Reached skill level 1 in Evocations
 15063 | Lair:1   | Reached skill level 13 in Stealth
 15072 | Lair:1   | Noticed Urug
 15079 | Lair:1   | Killed Urug
 15310 | Lair:1   | Reached skill level 10 in Spellcasting
 15430 | Lair:2   | Found a staircase to the Swamp.
 15691 | Lair:2   | Noticed Harold
 15711 | Lair:2   | Killed Harold
 16797 | Lair:2   | Noticed a death yak
 16797 | Lair:2   | Noticed a death yak
 16797 | Lair:2   | Noticed a death yak
 16801 | Lair:2   | Noticed a death yak
 16826 | Lair:2   | Killed a death yak
 16842 | Lair:2   | Killed a death yak
 16843 | Lair:2   | Reached skill level 14 in Stealth
 17131 | Lair:2   | Reached ***** piety under Dithmenos
 17576 | Lair:2   | Killed a death yak
 17577 | Lair:2   | Reached XP level 13. HP: 59/67 MP: 19/28
 17622 | Lair:2   | Reached skill level 5 in Evocations
 17900 | Lair:3   | Found a hole to the Spider Nest.
 18313 | Lair:3   | Found a dark tunnel.
 18322 | Volcano  | Entered a volcano
 18489 | Volcano  | Reached skill level 10 in Transmutations
 18666 | Volcano  | Reached skill level 10 in Short Blades
 18919 | Volcano  | Reached skill level 15 in Stealth
 20729 | Lair:4   | Noticed Kirke
 20753 | Lair:4   | Killed Kirke
 20863 | Lair:4   | Reached skill level 16 in Stealth
 21182 | Lair:5   | Entered Level 5 of the Lair of Beasts
 21262 | Lair:5   | Reached XP level 14. HP: 54/74 MP: 17/29
 21573 | Lair:5   | Found a viscous altar of Jiyva.
 21574 | Lair:5   | Found a staircase to the Slime Pits.
 21688 | Lair:5   | Reached ****** piety under Dithmenos
 22292 | Lair:5   | Found a runed translucent door.
 22629 | Lair:5   | Reached skill level 17 in Stealth
 22631 | Lair:5   | Paralysed by a hornet for 3 turns
 24046 | Orc:1    | Entered Level 1 of the Orcish Mines
 24450 | Orc:1    | Found Itreroru's Armour Boutique.
 24618 | Orc:1    | Found Wacwuic's Whimsical Warehouse.
 24681 | Orc:2    | Entered Level 2 of the Orcish Mines
 24681 | Orc:2    | Noticed Jorgrun
 24682 | Orc:2    | Found a staircase to the Elven Halls.
 24683 | Orc:2    | Killed Jorgrun
 24708 | Orc:2    | Noticed Saint Roka
 25213 | Orc:2    | HP: 3/76 [Saint Roka/divine providence (15)]
 25720 | Orc:2    | Found Uqifful's General Store.
 25721 | Orc:2    | Found Gegop's Specific Store.
 25816 | Orc:2    | Bought a scroll of teleportation for 42 gold pieces
 25816 | Orc:2    | Bought a scroll of teleportation for 42 gold pieces
 25816 | Orc:2    | Bought a book of the Moon for 560 gold pieces
 25820 | Orc:2    | Bought a scroll of enchant armour for 112 gold pieces
 25845 | Orc:2    | Found Zokiacka's Distillery.
 25847 | Orc:2    | Found Anepta's Magic Scroll Boutique.
 25870 | Orc:2    | Reached skill level 15 in Dodging
 26090 | Orc:2    | Slain by a sixfirhy

Illustrated notes

Levels and vault maps discovered:
D:1:      dpeg_arrival_rooms_b, layout_loops_cross,
          hellmonk_ecumenical_altar_the_god_not_taken
D:2:      layout_basic, dk_noncrumbling_3, minmay_misc_feat_alley, uniq_sigmund,
          uniq_robin, uniq_terence
D:3:      layout_loops_cross, serial_shops, nicolae_lakefront_shop,
          serial_forest, infiniplex_forest_clump_tiny,
          infiniplex_forest_lined_corner, infiniplex_forest_clump_medium,
          infiniplex_forest_clump_tiny, infiniplex_forest_end_3,
          infiniplex_forest_clump_long, uniq_ijyb
D:4:      layout_basic, dancing_weapons_uskayaw, minitemple, uniq_grinder,
          uniq_eustachio
D:5:      gammafunk_steamed_eel, layout_loops_ring,
          minmay_temple_entry_poolview, gammafunk_ghost_arena,
          kennysheep_cross_bottleneck, kennysheep_dice
D:6:      layout_loops_ring
D:7:      layout_basic, kennysheep_little_box, serial_shops, shop,
          nicolae_benzene_ring
D:8:      layout_cave_pools, erik_lair_island, the_hattery, uniq_prince_ribbit1,
          uniq_grum
D:9:      layout_long_grid, lemuel_round_altar, minmay_shop_grid_forest,
          uniq_erolcha
D:10:     layout_small_grid, mainiacjoe_overflow_cross_hatched,
          elyvilon_altar_5, okawaru_trees_1, uniq_lodul
D:11:     layout_irregular_city, hiddenorc2_lemuel, centaur_isle
D:12:     layout_cave_pools
Temple:   nicolae_temple_two_arcs
Lair:1:   layout_misc_corridors, serial_bayou_shore_b, grunt_megastairs_3,
          uniq_urug
Lair:2:   beast_lair_carwin_large_3, layout_long_grid, minmay_swamp_entry_worms,
          eino_small_chamber_without_monster, serial_bayou_lagoon_b, uniq_harold
Lair:3:   layout_cave_pods, spider_nest_entry_a, nicolae_volcano_entry_lava_flow
Lair:4:   layout_big_grid, st_stairs_11, worms_lemuel,
          infiniplex_staircase_pool_2, uniq_kirke
Lair:5:   hangedman_lair_in_review, layout_gridlike, wormcave,
          dpeg_slime_entry_corner, st_stairs_10, lemuel_fruit_fields
Orc:1:    layout_diamond_mine, serial_shops, shop, basic_altar,
          nicolae_alphabet_shops
Orc:2:    pf_orc_diabolical, layout_caves, nicolae_specific_store,
          uniq_saint_roka, uniq_jorgrun

Skill      XL: |  1  2  3  4  5  6  7  8  9 10 11 12 13 14 |
---------------+-------------------------------------------+-----
Dodging        | 3 4 5 7 8 9 10 11 13 15 | 15.1
Fighting       | 1 2 3 4 5 6 7 8 9 |  9.8
Short Blades   | 2 3 4 5 6 7 8 9 11 12 | 12.5
Stealth        | 5 6 7 8 10 11 12 14 16 17 | 17.9
Spellcasting   | 3 4 5 6 7 8 9 10 | 10.0
Hexes          | 4 5 6 7 8 9 10 | 10.0
Transmutations | 3 5 7 9 10 | 10.0
Evocations     | 4 5 |  5.0

Action                   |  1- 3 |  4- 6 |  7- 9 | 10-12 | 13-15 || total
-------------------------+-------+-------+-------+-------+-------++-------
Melee: Dagger            |    50 |   766 |   190 |       |       ||  1006
       Punch             |       |    22 |     3 |     4 |     8 ||    37
       Short sword       |       |       |    73 |       |       ||    73
       Rapier            |       |       |     8 |   509 |   911 ||  1428
 Cast: Ensorcelled Hiber |     5 |    25 |    81 |   180 |   186 ||   477
       Confusing Touch   |       |     1 |    10 |    10 |    67 ||    88
Invok: Shadow Step       |       |       |       |     1 |     5 ||     6
Evoke: Wand              |       |       |       |     4 |       ||     4
  Use: Scroll            |       |     2 |    14 |     6 |     4 ||    26
       Potion            |       |       |     3 |     6 |     6 ||    15
 Stab: Sleeping          |     7 |    24 |    59 |   119 |    88 ||   297
       Confused          |       |     2 |    12 |    10 |    59 ||    83
       Distracted        |       |     1 |       |     4 |     3 ||     8
       Invisible         |       |       |       |       |     2 ||     2
Armor: Robe              |     2 |     1 |    10 |    36 |    64 ||   113
Dodge: Dodged            |    32 |    76 |   197 |   897 |  1036 ||  2238
Block: Other             |       |       |       |       |   210 ||   210
       Reflection        |       |       |       |       |     2 ||     2

Table legend: (Time is in decaauts)
 A = Elapsed time spent in this place.
 B = Non-inter-level travel time spent in this place.
 C = Inter-level travel time spent in this place.
 D = Time resting spent in this place.
 E = Time spent auto-exploring this place.
 F = Levels seen in this place.
 G = Mean time per level.
                   A        B        C        D        E       F      G
               +--------+--------+--------+--------+--------+-----+--------+
         Total |  19566 |  18458 |   1108 |   4319 |   8377 |  21 |  931.7 |
       Dungeon |  10841 |  10014 |    827 |   1642 |   5459 |  12 |  903.4 |
        Temple |    316 |    307 |      9 |     60 |     63 |   1 |  316.0 |
          Lair |   6290 |   6045 |    245 |   1757 |   2349 |   5 | 1258.0 |
  Orcish Mines |   1521 |   1496 |     25 |    516 |    497 |   2 |  760.5 |
       Volcano |    596 |    596 |      0 |    343 |      7 |   1 |  596.0 |
               +--------+--------+--------+--------+--------+-----+--------+

Top non-repeatable levels by time:
  Lair:5: 1868 daAuts
  Lair:2: 1539 daAuts
     D:5: 1524 daAuts
     D:3: 1335 daAuts
     D:8: 1190 daAuts
    D:11: 1126 daAuts
  Lair:1: 1043 daAuts
  Lair:4: 1005 daAuts
   Orc:1: 935 daAuts
     D:7: 868 daAuts
  Lair:3: 833 daAuts
    D:10: 784 daAuts
     D:2: 758 daAuts
     D:6: 757 daAuts
     D:4: 720 daAuts
